 Dungeon Crawl Stone Soup version 0.28-a0-43-g560ac104fe (webtiles) character file.

Game seed: 10896229488727086911

11 Spectrina the Sneak (level 2, -2/18 HPs)
             Began as a Deep Elf Delver on July 29, 2021.
             Slain by a river rat (6 damage)
             ... in a sewer.
             The game lasted 00:02:17 (179 turns).

Spectrina the Sneak (Deep Elf Delver)                Turns: 179, Time: 00:02:18

Health: -2/18      AC:  3    Str:  9    XL:     2   Next: 13%
Magic:  4/4        EV: 12    Int: 14    God:
Gold:   14         SH:  0    Dex: 16    Spells: 1/1 levels left

rFire   . . .      SeeInvis .   a - +0 short sword
rCold   . . .      Faith    .   (no shield)
rNeg    . . .      Spirit   .   b - +0 leather armour
rPois   .          Reflect  .   (no helmet)
rElec   .          Harm     .   (no cloak)
rCorr   .          Rampage  .   (no gloves)
Will    .....                   (no boots)
Stlth   +++.......              (no amulet)
HPRegen 0.06/turn               (no ring)
MPRegen 0.09/turn               (no ring)

@: hasted (expiring), very quick
A: no striking features
a: no special abilities


You were in a sewer.
You visited 1 branch of the dungeon, and saw 2 of its levels.
You also visited: Sewer.

You collected 14 gold pieces.

Inventory:

Hand Weapons
 a - a +0 short sword (weapon)
 j - a +0 hunting sling
Missiles
 h - 6 stones (quivered)
Armour
 b - a +0 leather armour (worn)
Wands
 g - a wand of digging (3)
Scrolls
 c - a scroll of fog
 d - 2 scrolls of magic mapping
 e - a scroll of fear
 i - a scroll of teleportation {unknown}


   Skills:
 - Level 2.4 Fighting
 - Level 2.0 Short Blades
 - Level 2.4 Dodging
 + Level 6.6 Stealth


You had one spell level left.
You didn't know any spells.
Your spell library was empty.

Dungeon Overview and Level Annotations

Branches:
Dungeon (5/15)              Sewer (1/1)
 Temple: D:4-7

Altars:


Message History

Some shallow water.
You hit the river rat but do no damage.
The river rat is severely wounded.
The river rat bites you.
You hit the river rat but do no damage.
The river rat is severely wounded.
You hit the river rat but do no damage.
The river rat is severely wounded.
The river rat barely misses you.
You closely miss the river rat.
The river rat is severely wounded.
The river rat bites you!
* * * LOW HITPOINT WARNING * * *
You closely miss the river rat.
The river rat is severely wounded.
You hit the river rat.
The river rat is almost dead.
The river rat bites you.
* * * LOW HITPOINT WARNING * * *
You hit the river rat but do no damage.
The river rat is almost dead.
The river rat closely misses you.
You hit the river rat but do no damage.
The river rat is almost dead.
You hit the river rat but do no damage.
The river rat is almost dead.
Your extra speed is starting to run out.
The river rat barely misses you.
You hit the river rat but do no damage.
The river rat is almost dead.
The river rat misses you.
You hit the river rat but do no damage.
The river rat is almost dead.
You barely miss the river rat.
The river rat is almost dead.
The river rat closely misses you.
You closely miss the river rat.
The river rat is almost dead.
The river rat bites you.
You die...

?.. .≈≈ #≈# #≈## #≈≈
#≈# ##≈## . ##.≈≈##
.≈(≈####@....#####..
≈...≈≈≈r.≈∩≈≈≈≈≈≈≈≈.
J≈..####.∩≈≈.#####.?
≈ ##..≈## ##≈## #≈#
#≈# #≈# ≈..


You could see a river rat.

Vanquished Creatures
  2 endoplasms (Sewer)
  2 giant cockroaches (D:4)
  A kobold (Sewer)
  3 quokkas (D:4)
8 creatures vanquished.

Notes
Turn   | Place    | Note
-------+----------+-------------------------------------------
     0 | D:5      | Spectrina the Deep Elf Delver began the quest for the Orb.
     0 | D:5      | Reached XP level 1. HP: 13/13 MP: 3/3
     1 | D:5      | Noticed a hound
    74 | D:4      | Found a glowing drain.
    97 | Sewer    | Entered a sewer
   121 | Sewer    | Reached XP level 2. HP: 15/18 MP: 4/4
   179 | Sewer    | Slain by a river rat

Illustrated notes

Levels and vault maps discovered:
D:4:      layout_loops_ring, mainiacjoe_overflow_concentric_impassable,
          mainiacjoe_overflow_chevrons, grunt_temple_overflow_open,
          minmay_temple_entry_stoned_glass, gup_sewer_entry_pipe
D:5:      layout_loops_ring, grunt_gozag_breadcrumbs,
          mainiacjoe_overflow_alcove_4, slow_altar_1
Sewer:    sewer_co_15_rooms

Action                   || total
-------------------------++-------
Melee: Short sword       ||    65
Throw: Stone             ||     1
  Use: Potion            ||     1
 Stab: Sleeping          ||     3
Armor: Leather armour    ||     9
Dodge: Dodged            ||    25

Table legend: (Time is in decaauts)
 A = Elapsed time spent in this place.
 B = Non-inter-level travel time spent in this place.
 C = Inter-level travel time spent in this place.
 D = Time resting spent in this place.
 E = Time spent auto-exploring this place.
 F = Levels seen in this place.
 G = Mean time per level.
                   A        B        C        D        E       F      G
               +--------+--------+--------+--------+--------+-----+--------+
         Total |    174 |    174 |      0 |      0 |      0 |   3 |   58.0 |
       Dungeon |     99 |     99 |      0 |      0 |      0 |   2 |   49.5 |
         Sewer |     74 |     74 |      0 |      0 |      0 |   1 |   74.0 |
               +--------+--------+--------+--------+--------+-----+--------+

Top non-repeatable levels by time:
   Sewer: 74 daAuts
     D:4: 69 daAuts
     D:5: 30 daAuts
